 Dungeon Crawl Stone Soup version 0.29-a0-352-g0917bc69df (webtiles) character file.

Game seed: 8502410605718089361

792 croobank the Sneak (level 7, -17/61 HPs)
             Began as a Naga Fire Elementalist on Apr 23, 2022.
             Demolished by an ogre
             ... wielding a +0 giant club
              (26 damage)
             ... on level 4 of the Dungeon.
             The game lasted 00:14:02 (4157 turns).

croobank the Sneak (Naga Fire Elementalist)         Turns: 4157, Time: 00:14:03

Health: -17/61     AC: 14    Str: 10    XL:     7   Next: 88%
Magic:  4/12       EV:  6    Int: 17    God:
Gold:   123        SH:  0    Dex:  8    Spells: 6/13 levels left

rFire   + . .      SeeInvis +   r - +3 rapier of Accidental Termination {freeze, +Blink}
rCold   + . .      Faith    .   (no shield)
rNeg    . . .      Spirit   .   g - +3 ring mail of Elitism {+Blink rCorr SInv}
rPois   +          Reflect  .   (no helmet)
rElec   .          Harm     .   l - scarf {rC+ rF+}
rCorr   +          Rampage  .   (no gloves)
Will    .....                   f - +3 barding of Compression {Fly Regen+ Dex-4}
Stlth   ++........              (no amulet)
HPRegen 1.00/turn               (no ring)
MPRegen 0.13/turn               (no ring)

@: flying, very slightly contaminated, very slow
A: AC +2, large, see invisible, deformed body, poison resistance, slowness 2,
spit poison 2, naga tail 1
a: Breathe Poison Gas, Evoke Blink


You were on level 4 of the Dungeon.
You visited 1 branch of the dungeon, and saw 5 of its levels.

You collected 123 gold pieces.

Inventory:

Hand Weapons
 i - a +0 short sword
 r - the +3 rapier of Accidental Termination (weapon) {freeze, +Blink}
   (You found it on level 3 of the Dungeon)

   It freezes those it strikes, dealing additional cold damage.
   It can also slow down cold-blooded creatures.
   +Blink:    It lets you blink.
 u - a +0 dire flail
Missiles
 d - 105 stones
 e - 9 boomerangs
Armour
 a - a +0 robe
 f - the +3 barding of Compression (worn) {Fly Regen+ Dex-4}
   (You acquired it on level 2 of the Dungeon)

   Dex:       It affects your dexterity (-4).
   Fly:       It grants you flight.
   Regen:     It increases your rate of health regeneration.
 g - the +3 ring mail of Elitism (worn) {+Blink rCorr SInv}
   (You found it on level 2 of the Dungeon)

   SInv:      It lets you see invisible.
   +Blink:    It lets you blink.
   rCorr:     It protects you from acid and corrosion.
 l - a scarf of resistance (worn)
Jewellery
 h - a ring of resist corrosion
 m - a ring of ice
Scrolls
 k - 3 scrolls of teleportation
 n - a scroll of blinking
 q - 3 scrolls of identify
 s - a scroll of fear
 t - a scroll of immolation
 v - a scroll of brand weapon {unknown}
Potions
 c - a potion of curing
 j - a potion of mutation
 o - a potion of lignification
 p - a potion of attraction


   Skills:
 + Level 2.8 Fighting
 + Level 3.2 Dodging
 + Level 6.2 Stealth
 + Level 3.7 Spellcasting
 + Level 3.5 Conjurations
 + Level 4.5 Fire Magic


You had 6 spell levels left.
You knew the following spells:

 Your Spells              Type           Power      Damage    Failure   Level
a - Foxfire               Conj/Fire      64%        2x1d7     9%          1
b - Scorch                Fire           36%        2d6       10%         2
c - Flame Wave            Conj/Fire      16%        2d6       63%         4

Your spell library contained the following spells:

 Spells                   Type           Power      Damage    Failure   Level
 Conjure Flame            Conj/Fire      16%        6-21      24%         3
 Animate Skeleton         Necr           6%         N/A       38%         1
 Apportation              Tloc           6%         N/A       38%         1
 Slow                     Hex            12%        N/A       38%         1
 Summon Small Mammal      Summ           12%        N/A       38%         1
 Inner Flame              Hex/Fire       10%        N/A       45%         3
 Confusing Touch          Hex            3%         N/A       77%         3
 Vampiric Draining        Necr           3%         2d6       77%         3
 Olgreb's Toxic Radiance  Pois           3%         N/A       99%         4
 Summon Ice Beast         Ice/Summ       3%         N/A       99%         4
 Summon Mana Viper        Hex/Summ       3%         N/A       100%        5
 Monstrous Menagerie      Summ           1%         N/A       100%        7
 Ozocubu's Refrigeration  Ice            1%         4d5       100%        7
 Ignition                 Fire           9%         3d5       100%        8


Dungeon Overview and Level Annotations

Branches:
Dungeon (5/15)
 Temple: D:4-7

Altars:
Qazlal
Vehumet

Annotations:
D:4 Prince Ribbit


Innate Abilities, Weirdness & Mutations

Your serpentine skin is tough. (AC +2)
You have supernaturally acute eyesight. (SInv)
Armour fits poorly on your strangely shaped body.
Your system is resistant to poisons. (rPois)
You cover ground very slowly.
You can exhale a cloud of poison.
You have a snake-like lower body.


Message History

Done waiting.
You fly downwards.
Prince Ribbit gives a loud, deep croak!
The black bear bites you.
The black bear claws you but does no damage.
The black bear claws you. Prince Ribbit hits you.
The black bear bites you but does no damage.
The black bear barely misses you.
The black bear claws you but does no damage.
The ogre barely misses you.
There is a stone staircase leading up, spattered with blood here.
Prince Ribbit hits you! Prince Ribbit hits you.
The black bear bites you but does no damage.
The black bear claws you but does no damage. x2
You fly upwards.
There is a stone staircase leading down here.
Casting: Scorch (safe; 10% risk of failure)
Confirm with . or Enter, or press ? or * to list all spells.
The spell is quite dangerous to miscast (63% risk of failure)!
Continue anyway?
Casting: Flame Wave (quite dangerous; 63% risk of failure)
Press: ? - help, Dir - look around, f - activate You miscast Flame Wave.
You are very lightly contaminated with residual magic.
Nothing appears to happen.
Prince Ribbit barely misses you. The ogre hits you with a +0 giant club.
The black bear bites you.
The black bear claws you but does no damage.
The black bear barely misses you.
Casting: Flame Wave (quite dangerous; 63% risk of failure)
Confirm with . or Enter, or press ? or * to list all spells.
The spell is quite dangerous to miscast (63% risk of failure)!
Continue anyway?
Casting: Flame Wave (quite dangerous; 63% risk of failure)
Press: ? - help, Dir - look around, f - activate You miscast Flame Wave.
You feel a strange surge of energy!!
* * * LOW HITPOINT WARNING * * *
Prince Ribbit hits you!
* * * LOW HITPOINT WARNING * * *
The black bear bites you but does no damage.
The black bear claws you but does no damage. x2
The ogre hits you with a +0 giant club!!
You die...

##.#.......##..# #.# #.
##............# #.# #.
#...........## #.# ##.
#######.###.# #.# #.. #.# #.#
#.# #.# ##.###.#######.# ###.#
#............#.# #...#
##...#.###.##.#.# #.#.#
##>...F@# #.##.#.###'###
#..[..Oh###.##.###.....#
#...............#.......
#.......###.##..#.......
########.......# #.##..†..._...
#..............###.###.#.......
#.##....#..........###.#.......
#.##..##.......)#......##.....#
#.##..............####..###+###


You could see Prince Ribbit, a black bear and an ogre.

Vanquished Creatures
  Grinder (D:4)
  Eustachio (D:4)
  Menkaure (D:4)
  A scorpion (D:5)
  A howler monkey (D:4)
  An orc priest (D:5)
  2 iguanas
  2 orc wizards (D:4)
  2 adders (D:2)
  An ufetubus (D:5)
  2 worms (D:2)
  4 dart slugs
  10 orcs
  3 ball pythons
  2 endoplasms
  3 giant cockroaches
  5 hobgoblins
  4 jackals (D:3)
  2 quokkas (D:1)
  4 bats
  6 frilled lizards
  3 goblins
  3 kobolds
  9 rats
73 creatures vanquished.

Vanquished Creatures (others)
  111 foxfires
111 creatures vanquished.

Grand Total: 184 creatures vanquished

Notes
Turn   | Place    | Note
-------+----------+-------------------------------------------
     0 | D:1      | croobank the Naga Fire Elementalist began the quest for the
                  | Orb.
     0 | D:1      | Reached XP level 1. HP: 15/15 MP: 3/3
   468 | D:1      | Found a faded altar of an unknown god.
   491 | D:1      | Reached XP level 2. HP: 22/22 MP: 1/5
   494 | D:1      | Learned a level 2 spell: Scorch
   957 | D:2      | Reached XP level 3. HP: 23/28 MP: 0/6
  1479 | D:2      | Identified a scroll of acquirement
  1479 | D:2      | Acquired the +3 barding of Compression {Fly Regen+ Dex-4}
  1511 | D:2      | Identified the +3 ring mail of Elitism {+Blink rCorr SInv}
  1954 | D:2      | Gained mutation: You can exhale a cloud of poison. [potion
                  | of mutation]
  1960 | D:2      | Reached XP level 4. HP: 36/36 MP: 5/7
  2115 | D:3      | Reached skill level 4 in Stealth
  2317 | D:3      | Found a stormy altar of Qazlal.
  2350 | D:3      | Identified the +3 rapier of Accidental Termination {freeze,
                  | +Blink}
  2947 | D:4      | Found a radiant altar of Vehumet.
  3198 | D:4      | Noticed Menkaure
  3199 | D:4      | Noticed Eustachio
  3220 | D:4      | Reached XP level 5. HP: 43/43 MP: 0/8
  3291 | D:4      | Learned a level 4 spell: Flame Wave
  3318 | D:4      | Killed Eustachio
  3319 | D:4      | Reached skill level 1 in Fighting
  3319 | D:4      | Reached XP level 6. HP: 27/51 MP: 7/10
  3378 | D:4      | Noticed Grinder
  3384 | D:4      | Killed Menkaure
  3385 | D:4      | Reached skill level 5 in Stealth
  3405 | D:4      | Killed Grinder
  3406 | D:4      | Reached XP level 7. HP: 39/61 MP: 0/12
  3802 | D:5      | Entered Level 5 of the Dungeon
  3943 | D:5      | Reached skill level 6 in Stealth
  4153 | D:5      | Noticed Prince Ribbit
  4157 | D:4      | Demolished by an ogre

Illustrated notes

Levels and vault maps discovered:
D:1:      psy_arrival_whirlpool, layout_rooms,
          hellmonk_ecumenical_altar_leap_of_faith
D:2:      layout_basic
D:3:      layout_basic, nicolae_qazlal_scattered_showers
D:4:      layout_loops_ring, nicolae_vehumet_altar_sigil, uniq_menkaure,
          uniq_grinder, uniq_eustachio
D:5:      layout_cave_pools, uniq_prince_ribbit1

Skill      XL: |  1  2  3  4  5  6  7 |
---------------+----------------------+-----
Dodging        | 2 3 |  3.2
Stealth        | 4 5 6 |  6.2
Conjurations   | 2 3 |  3.5
Fighting       | 1 2 |  2.8
Spellcasting   | 3 |  3.7
Fire Magic     | 4 |  4.5

Action                   |  1- 3 |  4- 6 |  7- 9 || total
-------------------------+-------+-------+-------++-------
Melee: Unarmed           |    11 |       |       ||    11
       Short sword       |    11 |       |       ||    11
       Rapier            |       |    29 |     5 ||    34
 Cast: Foxfire           |    31 |    23 |    10 ||    64
       Scorch            |    13 |    11 |     7 ||    31
       Flame Wave        |       |       |     1 ||     1
 Abil: Spit Poison       |     7 |       |       ||     7
       Breathe Poison Ga |     1 |     8 |       ||     9
  Use: Scroll            |     9 |     2 |       ||    11
       Potion            |     1 |     2 |     1 ||     4
Armor: Robe              |     1 |       |       ||     1
       Ring mail         |     2 |   103 |    26 ||   131
Dodge: Dodged            |    18 |    39 |    12 ||    69

Table legend: (Time is in decaauts)
 A = Elapsed time spent in this place.
 B = Non-inter-level travel time spent in this place.
 C = Inter-level travel time spent in this place.
 D = Time resting spent in this place.
 E = Time spent auto-exploring this place.
 F = Levels seen in this place.
 G = Mean time per level.
                   A        B        C        D        E       F      G
               +--------+--------+--------+--------+--------+-----+--------+
         Total |   5007 |   4898 |    109 |    693 |   3432 |   5 | 1001.4 |
       Dungeon |   5007 |   4898 |    109 |    693 |   3432 |   5 | 1001.4 |
               +--------+--------+--------+--------+--------+-----+--------+

Top non-repeatable levels by time:
     D:2: 1405 daAuts
     D:4: 1401 daAuts
     D:1: 1078 daAuts
     D:3: 987 daAuts
     D:5: 135 daAuts
